[ PARTIDA AOE2 · #485680872 ]
UnrankedMalíes vs Bohemians
[ ANÁLISIS DE REPETICIÓN · EXTRAÍDO DE LA PARTIDA GRABADA ]
Feudal
10:56
Castillos
14:46
Imperial
31:08
| APM promedio | 38.9 |
| APM pico | 120 |
| eAPM promedio | 21.0 |
| Aldeanos / militares | 134 / 57 |
Foco
⚔️ 44.0% · 🌾 56.0%
Knight ×39 · Gbeto ×12 · Scorpion ×4 · Monk ×1 · Mangonel ×1 · Unknown (1105) ×1
Feudal
12:02
Castillos
15:32
Imperial
25:28
| APM promedio | 29.4 |
| APM pico | 66 |
| eAPM promedio | 14.0 |
| Aldeanos / militares | 83 / 61 |
Foco
⚔️ 23.5% · 🌾 76.5%
Hussite Wagon ×26 · Archer ×16 · Spearman ×12 · Trebuchet (Packed) ×7
Feudal
—
Castillos
—
Imperial
—
| APM promedio | 29.7 |
| APM pico | 89 |
| eAPM promedio | 12.3 |
| Aldeanos / militares | 53 / 20 |
Foco
⚔️ 15.8% · 🌾 84.2%
Organ Gun ×17 · Bombard Cannon ×3
Feudal
9:49
Castillos
13:38
Imperial
28:32
| APM promedio | 41.3 |
| APM pico | 93 |
| eAPM promedio | 22.5 |
| Aldeanos / militares | 175 / 55 |
Foco
⚔️ 24.7% · 🌾 75.3%
Knight ×49 · Bombard Cannon ×6
Feudal
11:06
Castillos
14:49
Imperial
—
| APM promedio | 36.0 |
| APM pico | 80 |
| eAPM promedio | 13.6 |
| Aldeanos / militares | 43 / 65 |
Foco
⚔️ 29.7% · 🌾 70.3%
Scout Cavalry ×43 · Knight ×21 · Petard ×1
Feudal
9:30
Castillos
13:08
Imperial
—
| APM promedio | 35.2 |
| APM pico | 79 |
| eAPM promedio | 14.5 |
| Aldeanos / militares | 52 / 19 |
Foco
⚔️ 23.0% · 🌾 77.0%
Monk ×17 · Mangonel ×2
Feudal
9:59
Castillos
14:56
Imperial
28:23
| APM promedio | 22.9 |
| APM pico | 53 |
| eAPM promedio | 12.8 |
| Aldeanos / militares | 57 / 3 |
Foco
⚔️ 23.3% · 🌾 76.7%
Unknown (2579) ×42 · Trebuchet (Packed) ×3
Feudal
10:57
Castillos
14:35
Imperial
30:11
| APM promedio | 47.4 |
| APM pico | 99 |
| eAPM promedio | 29.0 |
| Aldeanos / militares | 187 / 14 |
Foco
⚔️ 14.3% · 🌾 85.7%
Unknown (882) ×59 · Genoese Crossbowman ×14
Mapa de la partida
Recursos iniciales + cada clic de construcción. Líneas = muros · curvas = relieve. ◆ oro · ⬟ piedra · ● bayas · ✦ reliquia · ◌ hueco del cierre
Tu base· ✓ Cerrada en 14:46 · 0t muro · 3 puerta(s)
Base de elchinaleikazo· ✓ Cerrada en 15:32 · 0t muro · 4 puerta(s)
Base de Quimimoshly06· ✓ Cerrada en 11:56 · 0t muro · 2 puerta(s)
Base de Menchachi the Impatient· ✓ Cerrada en 13:38 · 0t muro · 3 puerta(s)
Base de mama_adisona· ✓ Cerrada en 14:49 · 1t muro · 2 puerta(s)
Base de CTM | Crawly94· ✓ Cerrada en 13:08 · 0t muro · 2 puerta(s)
Base de patrikoffv· ✓ Cerrada en 14:56 · 0t muro · 2 puerta(s)
Base de Ux'Tycho0201· ✓ Cerrada en 14:35 · 0t muro · 3 puerta(s)
Terreno inicial suavizado · ◌ = hueco del cierre detectado · pasá el cursor para detalles
Inputs por minuto
— Ux'DonChauron - - elchinaleikazo
Build order — Ux'DonChauron
Primeras 150 de 362 acciones detectadas
| 0:01 | Crear | Villager (Male) |
| 0:01 | Crear | Villager (Male) |
| 0:01 | Crear | Villager (Male) |
| 0:02 | Construir | House |
| 0:04 | Construir | House |
| 0:10 | Crear | Villager (Male) |
| 0:11 | Crear | Villager (Male) |
| 1:14 | Crear | Villager (Male) |
| 1:38 | Crear | Villager (Male) |
| 1:44 | Construir | Lumber Camp |
| 2:04 | Crear | Villager (Male) |
| 2:35 | Crear | Villager (Male) |
| 3:07 | Crear | Villager (Male) |
| 3:08 | Crear | Villager (Male) |
| 3:08 | Crear | Villager (Male) |
| 3:24 | Construir | House |
| 3:24 | Construir | House |
| 3:26 | Construir | House |
| 3:43 | Crear | Villager (Male) |
| 4:02 | Crear | Villager (Male) |
| 4:33 | Crear | Villager (Male) |
| 4:38 | Crear | Villager (Male) |
| 4:41 | Construir | Mill |
| 5:23 | Crear | Villager (Male) |
| 5:54 | Crear | Villager (Male) |
| 5:54 | Crear | Villager (Male) |
| 5:55 | Crear | Villager (Male) |
| 5:55 | Crear | Villager (Male) |
| 6:09 | Crear | Villager (Male) |
| 6:20 | Construir | Mining Camp |
| 6:47 | Crear | Villager (Male) |
| 7:18 | Construir | Farm |
| 7:20 | Construir | Farm |
| 7:31 | Crear | Villager (Male) |
| 7:34 | Construir | Mining Camp |
| 8:19 | Investigar | Feudal Age |
| 9:46 | Construir | Farm |
| 10:04 | Crear | Villager (Male) |
| 10:04 | Crear | Villager (Male) |
| 10:05 | Investigar | Loom |
| 10:56 | Edad | Edad Feudal |
| 10:59 | Construir | Market |
| 11:01 | Construir | Blacksmith |
| 11:56 | Investigar | Castle Age |
| 11:56 | Investigar | Castle Age |
| 12:14 | Construir | House |
| 12:16 | Construir | House |
| 12:23 | Investigar | Horse Collar |
| 12:23 | Investigar | Horse Collar |
| 12:42 | Construir | Farm |
| 12:47 | Construir | Farm |
| 13:07 | Investigar | Double-Bit Axe |
| 13:08 | Investigar | Double-Bit Axe |
| 13:32 | Construir | House |
| 13:36 | Crear | Villager (Male) |
| 14:13 | Construir | House |
| 14:46 | Edad | Edad de los Castillos |
| 14:50 | Construir | Castle |
| 14:55 | Construir | Siege Workshop |
| 14:57 | Crear | Villager (Male) |
| 15:05 | Investigar | Bow Saw |
| 15:08 | Construir | Farm |
| 15:12 | Construir | Farm |
| 15:34 | Crear | Villager (Male) |
| 15:42 | Crear | Unit 1105 |
| 15:47 | Crear | Villager (Male) |
| 15:58 | Construir | Farm |
| 16:06 | Crear | Villager (Male) |
| 16:10 | Construir | Farm |
| 16:22 | Construir | House |
| 16:24 | Construir | House |
| 16:25 | Construir | House |
| 16:27 | Construir | House |
| 16:29 | Crear | Villager (Male) |
| 16:35 | Crear | Gbeto |
| 16:36 | Crear | Gbeto |
| 16:36 | Crear | Gbeto |
| 16:45 | Crear | Villager (Male) |
| 17:04 | Crear | Gbeto |
| 17:18 | Construir | Farm |
| 17:22 | Crear | Villager (Male) |
| 17:37 | Crear | Scorpion |
| 17:41 | Construir | Farm |
| 17:45 | Crear | Gbeto |
| 17:45 | Crear | Gbeto |
| 17:58 | Crear | Villager (Male) |
| 18:05 | Construir | Farm |
| 18:13 | Crear | Gbeto |
| 18:33 | Crear | Gbeto |
| 18:40 | Crear | Villager (Male) |
| 18:44 | Crear | Scorpion |
| 18:48 | Construir | University |
| 18:58 | Crear | Gbeto |
| 19:06 | Crear | Villager (Male) |
| 19:07 | Crear | Villager (Male) |
| 19:20 | Crear | Villager (Male) |
| 19:27 | Construir | Town Center |
| 19:38 | Crear | Scorpion |
| 19:38 | Crear | Scorpion |
| 19:38 | Crear | Villager (Male) |
| 19:53 | Construir | Farm |
| 20:01 | Crear | Villager (Male) |
| 20:19 | Crear | Villager (Male) |
| 20:21 | Construir | Farm |
| 20:48 | Construir | Town Center |
| 20:50 | Crear | Villager (Male) |
| 21:03 | Crear | Villager (Male) |
| 21:05 | Crear | Villager (Male) |
| 21:05 | Crear | Villager (Male) |
| 21:06 | Crear | Villager (Male) |
| 21:07 | Construir | Farm |
| 21:13 | Crear | Villager (Male) |
| 21:17 | Construir | Farm |
| 21:27 | Crear | Villager (Male) |
| 21:37 | Crear | Villager (Male) |
| 21:39 | Construir | Farm |
| 21:51 | Crear | Villager (Male) |
| 21:55 | Crear | Villager (Male) |
| 21:57 | Construir | Farm |
| 21:57 | Construir | Farm |
| 21:57 | Construir | Farm |
| 22:08 | Crear | Villager (Male) |
| 22:16 | Crear | Gbeto |
| 22:16 | Crear | Gbeto |
| 22:20 | Crear | Villager (Male) |
| 22:24 | Construir | Farm |
| 22:26 | Construir | Farm |
| 22:27 | Construir | Farm |
| 22:36 | Crear | Villager (Male) |
| 22:40 | Construir | Farm |
| 22:41 | Crear | Villager (Male) |
| 22:41 | Crear | Villager (Male) |
| 22:45 | Crear | Villager (Male) |
| 22:45 | Crear | Villager (Male) |
| 22:56 | Construir | House |
| 22:58 | Construir | House |
| 23:00 | Crear | Villager (Male) |
| 23:04 | Construir | Farm |
| 23:06 | Construir | Farm |
| 23:07 | Crear | Villager (Male) |
| 23:16 | Crear | Villager (Male) |
| 23:23 | Crear | Gbeto |
| 23:27 | Construir | Farm |
| 23:27 | Construir | Farm |
| 23:27 | Construir | Farm |
| 23:27 | Construir | Farm |
| 23:28 | Construir | Farm |
| 23:28 | Construir | Farm |
| 23:28 | Construir | Farm |
| 23:29 | Crear | Villager (Male) |
Build order — elchinaleikazo
Primeras 150 de 209 acciones detectadas
| 0:01 | Crear | Villager (Male) |
| 0:01 | Crear | Villager (Male) |
| 0:02 | Construir | House |
| 0:03 | Construir | House |
| 0:33 | Crear | Villager (Male) |
| 0:33 | Crear | Villager (Male) |
| 0:33 | Crear | Villager (Male) |
| 1:30 | Crear | Villager (Male) |
| 1:31 | Crear | Villager (Male) |
| 1:55 | Construir | Lumber Camp |
| 2:00 | Crear | Villager (Male) |
| 2:14 | Crear | Villager (Male) |
| 2:47 | Crear | Villager (Male) |
| 2:48 | Crear | Villager (Male) |
| 3:10 | Crear | Villager (Male) |
| 3:10 | Crear | Villager (Male) |
| 3:32 | Crear | Villager (Male) |
| 3:49 | Construir | House |
| 3:51 | Crear | Villager (Male) |
| 4:51 | Crear | Villager (Male) |
| 4:51 | Crear | Villager (Male) |
| 5:16 | Crear | Villager (Male) |
| 5:17 | Crear | Villager (Male) |
| 5:17 | Crear | Villager (Male) |
| 5:57 | Construir | House |
| 6:04 | Crear | Villager (Male) |
| 6:14 | Construir | Mill |
| 6:20 | Crear | Villager (Male) |
| 6:21 | Crear | Villager (Male) |
| 6:53 | Crear | Villager (Male) |
| 6:57 | Construir | Farm |
| 7:39 | Crear | Villager (Male) |
| 7:41 | Crear | Villager (Male) |
| 7:52 | Construir | House |
| 7:56 | Crear | Villager (Male) |
| 7:56 | Investigar | Loom |
| 8:24 | Crear | Villager (Male) |
| 8:28 | Construir | Mining Camp |
| 8:59 | Investigar | Feudal Age |
| 9:28 | Construir | Barracks |
| 9:36 | Construir | Farm |
| 9:46 | Construir | Farm |
| 10:04 | Construir | Farm |
| 10:07 | Crear | Villager (Male) |
| 10:07 | Crear | Villager (Male) |
| 10:13 | Construir | House |
| 10:13 | Construir | House |
| 11:13 | Construir | Mining Camp |
| 12:02 | Edad | Edad Feudal |
| 12:08 | Construir | Blacksmith |
| 12:13 | Construir | Market |
| 12:37 | Construir | Farm |
| 12:51 | Investigar | Castle Age |
| 12:52 | Investigar | Castle Age |
| 13:01 | Crear | Spearman |
| 13:01 | Crear | Spearman |
| 13:01 | Crear | Spearman |
| 13:27 | Crear | Spearman |
| 13:37 | Crear | Spearman |
| 14:03 | Construir | House |
| 14:23 | Crear | Spearman |
| 14:23 | Crear | Spearman |
| 14:37 | Crear | Spearman |
| 14:51 | Construir | Palisade Gate |
| 15:08 | Crear | Spearman |
| 15:09 | Crear | Spearman |
| 15:32 | Edad | Edad de los Castillos |
| 15:38 | Crear | Villager (Male) |
| 15:39 | Crear | Villager (Male) |
| 15:39 | Crear | Villager (Male) |
| 15:50 | Construir | House |
| 16:26 | Construir | Castle |
| 16:33 | Crear | Spearman |
| 16:33 | Crear | Spearman |
| 16:34 | Crear | Villager (Male) |
| 16:35 | Crear | Villager (Male) |
| 16:55 | Construir | Outpost |
| 17:37 | Construir | House |
| 17:59 | Crear | Villager (Male) |
| 17:59 | Crear | Villager (Male) |
| 18:00 | Crear | Villager (Male) |
| 18:00 | Crear | Villager (Male) |
| 18:00 | Crear | Villager (Male) |
| 18:07 | Crear | Hussite Wagon |
| 18:08 | Crear | Hussite Wagon |
| 18:37 | Construir | Mining Camp |
| 19:34 | Construir | Farm |
| 19:36 | Construir | Farm |
| 20:06 | Crear | Villager (Male) |
| 20:08 | Construir | Farm |
| 22:18 | Investigar | Imperial Age |
| 22:22 | Crear | Hussite Wagon |
| 22:22 | Crear | Hussite Wagon |
| 22:23 | Crear | Hussite Wagon |
| 22:23 | Crear | Hussite Wagon |
| 23:04 | Crear | Hussite Wagon |
| 23:04 | Crear | Hussite Wagon |
| 23:12 | Construir | Lumber Camp |
| 24:04 | Crear | Villager (Male) |
| 24:41 | Crear | Villager (Male) |
| 24:46 | Construir | Town Center |
| 25:28 | Edad | Edad Imperial |
| 25:29 | Crear | Trebuchet (Packed) |
| 25:29 | Crear | Trebuchet (Packed) |
| 25:30 | Crear | Trebuchet (Packed) |
| 25:38 | Investigar | Town Watch |
| 25:41 | Construir | Farm |
| 25:48 | Construir | Farm |
| 25:54 | Crear | Villager (Male) |
| 25:54 | Crear | Villager (Male) |
| 25:57 | Crear | Villager (Male) |
| 26:25 | Crear | Trebuchet (Packed) |
| 26:25 | Crear | Trebuchet (Packed) |
| 26:28 | Crear | Villager (Male) |
| 26:28 | Crear | Villager (Male) |
| 26:38 | Construir | Farm |
| 26:43 | Construir | Farm |
| 26:49 | Crear | Villager (Male) |
| 26:49 | Crear | Villager (Male) |
| 27:00 | Construir | Castle |
| 27:16 | Crear | Villager (Male) |
| 27:17 | Crear | Villager (Male) |
| 27:19 | Construir | Farm |
| 27:23 | Construir | Farm |
| 27:24 | Construir | Farm |
| 27:37 | Investigar | Fletching |
| 27:37 | Investigar | Fletching |
| 27:54 | Crear | Trebuchet (Packed) |
| 27:54 | Crear | Trebuchet (Packed) |
| 28:17 | Crear | Villager (Male) |
| 28:17 | Crear | Villager (Male) |
| 28:29 | Construir | Farm |
| 28:32 | Crear | Villager (Male) |
| 28:32 | Crear | Villager (Male) |
| 28:46 | Crear | Hussite Wagon |
| 28:46 | Crear | Hussite Wagon |
| 29:06 | Investigar | Double-Bit Axe |
| 29:07 | Investigar | Double-Bit Axe |
| 29:15 | Construir | Farm |
| 29:15 | Construir | Farm |
| 29:15 | Construir | Farm |
| 29:15 | Construir | Farm |
| 29:16 | Construir | Farm |
| 29:16 | Construir | Farm |
| 29:16 | Construir | Farm |
| 29:32 | Crear | Hussite Wagon |
| 29:32 | Crear | Hussite Wagon |
| 29:37 | Crear | Villager (Male) |
| 29:38 | Crear | Villager (Male) |
| 29:38 | Crear | Villager (Male) |
Build order — Quimimoshly06
Primeras 150 de 162 acciones detectadas
| 0:04 | Construir | House |
| 0:05 | Construir | House |
| 0:11 | Crear | Villager (Male) |
| 0:12 | Crear | Villager (Male) |
| 0:12 | Crear | Villager (Male) |
| 0:12 | Crear | Villager (Male) |
| 0:12 | Crear | Villager (Male) |
| 1:07 | Construir | Mill |
| 1:39 | Crear | Villager (Male) |
| 2:16 | Crear | Villager (Male) |
| 2:16 | Crear | Villager (Male) |
| 2:40 | Crear | Villager (Male) |
| 2:47 | Construir | House |
| 2:48 | Construir | House |
| 3:12 | Crear | Villager (Male) |
| 3:49 | Crear | Villager (Male) |
| 3:50 | Crear | Villager (Male) |
| 3:50 | Crear | Villager (Male) |
| 4:21 | Crear | Villager (Male) |
| 4:21 | Crear | Villager (Male) |
| 4:48 | Crear | Villager (Male) |
| 5:32 | Crear | Villager (Male) |
| 5:32 | Crear | Villager (Male) |
| 6:06 | Crear | Villager (Male) |
| 6:06 | Crear | Villager (Male) |
| 6:18 | Crear | Villager (Male) |
| 6:18 | Crear | Villager (Male) |
| 6:18 | Crear | Villager (Male) |
| 7:15 | Construir | Mining Camp |
| 7:58 | Investigar | Feudal Age |
| 8:00 | Investigar | Loom |
| 9:21 | Construir | Lumber Camp |
| 9:26 | Construir | Lumber Camp |
| 10:12 | Construir | Market |
| 10:31 | Crear | Villager (Male) |
| 10:58 | Crear | Villager (Male) |
| 11:28 | Construir | Blacksmith |
| 11:36 | Crear | Villager (Male) |
| 11:56 | Investigar | Castle Age |
| 12:11 | Construir | Mining Camp |
| 12:33 | Construir | House |
| 12:35 | Construir | House |
| 12:38 | Construir | House |
| 13:53 | Construir | Farm |
| 13:54 | Construir | Farm |
| 13:55 | Construir | Farm |
| 14:26 | Investigar | Double-Bit Axe |
| 14:47 | Construir | Farm |
| 14:50 | Crear | Villager (Male) |
| 15:11 | Crear | Villager (Male) |
| 15:44 | Crear | Villager (Male) |
| 16:09 | Crear | Villager (Male) |
| 16:16 | Construir | Farm |
| 16:20 | Construir | Farm |
| 16:25 | Construir | Farm |
| 16:33 | Construir | Farm |
| 16:34 | Crear | Villager (Male) |
| 16:54 | Construir | Castle |
| 17:20 | Crear | Villager (Male) |
| 17:20 | Crear | Villager (Male) |
| 17:32 | Construir | Farm |
| 17:39 | Construir | Farm |
| 17:43 | Construir | Farm |
| 18:08 | Crear | Villager (Male) |
| 18:31 | Crear | Villager (Male) |
| 18:37 | Construir | Farm |
| 19:02 | Crear | Villager (Male) |
| 19:14 | Crear | Organ Gun |
| 19:24 | Crear | Villager (Male) |
| 19:37 | Crear | Villager (Male) |
| 19:56 | Crear | Villager (Male) |
| 20:30 | Crear | Villager (Male) |
| 20:56 | Investigar | Gold Mining |
| 21:00 | Crear | Villager (Male) |
| 21:11 | Construir | Town Center |
| 21:19 | Crear | Villager (Male) |
| 22:08 | Construir | Stone Wall |
| 22:17 | Crear | Villager (Male) |
| 22:17 | Crear | Villager (Male) |
| 22:20 | Crear | Villager (Male) |
| 22:21 | Crear | Villager (Male) |
| 22:29 | Construir | Farm |
| 22:31 | Construir | Farm |
| 22:33 | Construir | Farm |
| 22:36 | Construir | Farm |
| 22:46 | Crear | Villager (Male) |
| 22:47 | Crear | Villager (Male) |
| 23:12 | Construir | Lumber Camp |
| 23:26 | Construir | Farm |
| 23:45 | Crear | Villager (Male) |
| 23:45 | Crear | Villager (Male) |
| 24:16 | Investigar | Imperial Age |
| 24:31 | Crear | Organ Gun |
| 24:31 | Crear | Organ Gun |
| 24:32 | Crear | Organ Gun |
| 25:10 | Investigar | Wheelbarrow |
| 25:16 | Investigar | Bow Saw |
| 25:24 | Crear | Organ Gun |
| 25:35 | Construir | House |
| 25:36 | Construir | House |
| 25:38 | Construir | House |
| 25:40 | Construir | House |
| 25:42 | Construir | House |
| 25:44 | Construir | House |
| 25:46 | Construir | House |
| 25:47 | Construir | House |
| 25:58 | Construir | Farm |
| 26:42 | Crear | Organ Gun |
| 26:43 | Crear | Organ Gun |
| 27:46 | Crear | Villager (Male) |
| 28:08 | Construir | Feitoria |
| 28:26 | Crear | Villager (Male) |
| 28:27 | Crear | Villager (Male) |
| 28:57 | Construir | Feitoria |
| 29:14 | Investigar | Town Watch |
| 29:21 | Crear | Organ Gun |
| 29:21 | Crear | Organ Gun |
| 29:21 | Crear | Organ Gun |
| 29:49 | Construir | House |
| 29:50 | Construir | House |
| 29:51 | Construir | House |
| 29:52 | Construir | House |
| 29:54 | Construir | House |
| 29:55 | Construir | House |
| 29:56 | Construir | House |
| 29:57 | Construir | House |
| 29:58 | Construir | House |
| 30:58 | Investigar | Conscription |
| 31:18 | Construir | Feitoria |
| 31:33 | Construir | Mining Camp |
| 32:00 | Construir | Siege Workshop |
| 32:03 | Construir | Siege Workshop |
| 32:03 | Construir | Siege Workshop |
| 32:10 | Construir | University |
| 32:23 | Investigar | Fletching |
| 32:27 | Investigar | Padded Archer Armor |
| 32:34 | Crear | Organ Gun |
| 32:34 | Crear | Organ Gun |
| 32:35 | Crear | Organ Gun |
| 32:53 | Construir | Barracks |
| 32:53 | Construir | Barracks |
| 32:53 | Construir | Barracks |
| 32:53 | Construir | Barracks |
| 32:54 | Construir | Barracks |
| 32:54 | Construir | Barracks |
| 32:54 | Construir | Barracks |
| 32:55 | Construir | Barracks |
| 32:58 | Construir | Barracks |
| 32:59 | Construir | Barracks |
| 33:07 | Investigar | Chemistry |
Build order — Menchachi the Impatient
Primeras 150 de 391 acciones detectadas
| 0:01 | Crear | Villager (Male) |
| 0:01 | Crear | Villager (Male) |
| 0:02 | Crear | Villager (Male) |
| 0:03 | Construir | House |
| 0:04 | Construir | House |
| 0:28 | Crear | Villager (Male) |
| 0:28 | Crear | Villager (Male) |
| 1:41 | Crear | Villager (Male) |
| 2:05 | Construir | Lumber Camp |
| 2:17 | Crear | Villager (Male) |
| 2:26 | Crear | Villager (Male) |
| 3:19 | Crear | Villager (Male) |
| 3:20 | Crear | Villager (Male) |
| 3:25 | Construir | House |
| 3:37 | Crear | Villager (Male) |
| 4:00 | Construir | House |
| 4:19 | Crear | Villager (Male) |
| 4:34 | Crear | Villager (Male) |
| 4:50 | Crear | Villager (Male) |
| 4:58 | Crear | Villager (Male) |
| 5:04 | Construir | Mill |
| 5:49 | Crear | Villager (Male) |
| 6:34 | Crear | Villager (Male) |
| 6:35 | Crear | Villager (Male) |
| 7:03 | Crear | Villager (Male) |
| 7:25 | Investigar | Feudal Age |
| 8:16 | Construir | Mining Camp |
| 9:42 | Crear | Villager (Male) |
| 9:42 | Crear | Villager (Male) |
| 9:49 | Edad | Edad Feudal |
| 9:53 | Construir | Blacksmith |
| 9:54 | Construir | Market |
| 10:19 | Construir | House |
| 11:12 | Investigar | Castle Age |
| 11:12 | Investigar | Castle Age |
| 11:42 | Investigar | Double-Bit Axe |
| 12:25 | Investigar | Horse Collar |
| 12:42 | Construir | Farm |
| 12:45 | Construir | Farm |
| 12:46 | Construir | Farm |
| 12:49 | Construir | Farm |
| 12:51 | Construir | Farm |
| 12:58 | Construir | Farm |
| 13:38 | Edad | Edad de los Castillos |
| 13:40 | Construir | Town Center |
| 13:41 | Crear | Villager (Male) |
| 14:01 | Crear | Villager (Male) |
| 14:18 | Construir | House |
| 14:27 | Crear | Villager (Male) |
| 14:51 | Construir | House |
| 14:52 | Crear | Villager (Male) |
| 14:54 | Crear | Villager (Male) |
| 14:55 | Crear | Villager (Male) |
| 15:02 | Investigar | Bow Saw |
| 15:03 | Investigar | Bow Saw |
| 15:06 | Construir | Farm |
| 15:08 | Construir | Farm |
| 15:11 | Construir | Farm |
| 15:13 | Construir | Farm |
| 15:14 | Construir | Farm |
| 15:17 | Construir | Farm |
| 15:19 | Construir | Farm |
| 15:20 | Crear | Villager (Male) |
| 15:23 | Construir | Farm |
| 15:40 | Crear | Villager (Male) |
| 15:40 | Crear | Villager (Male) |
| 15:43 | Construir | Farm |
| 15:46 | Construir | Farm |
| 15:56 | Crear | Villager (Male) |
| 16:03 | Crear | Villager (Male) |
| 16:12 | Construir | Farm |
| 16:23 | Crear | Villager (Male) |
| 16:29 | Construir | Farm |
| 16:29 | Crear | Villager (Male) |
| 16:36 | Crear | Villager (Male) |
| 16:44 | Crear | Villager (Male) |
| 17:01 | Construir | Town Center |
| 17:05 | Crear | Villager (Male) |
| 17:06 | Crear | Villager (Male) |
| 17:14 | Construir | House |
| 17:15 | Construir | House |
| 17:17 | Crear | Villager (Male) |
| 17:22 | Crear | Villager (Male) |
| 17:34 | Crear | Villager (Male) |
| 17:51 | Crear | Villager (Male) |
| 17:56 | Crear | Villager (Male) |
| 18:17 | Crear | Villager (Male) |
| 18:17 | Crear | Villager (Male) |
| 18:20 | Construir | Farm |
| 18:21 | Construir | Farm |
| 18:23 | Construir | House |
| 18:24 | Construir | House |
| 18:27 | Crear | Villager (Male) |
| 18:28 | Crear | Villager (Male) |
| 18:32 | Construir | Farm |
| 18:34 | Construir | Farm |
| 18:37 | Construir | Farm |
| 18:41 | Crear | Villager (Male) |
| 18:41 | Crear | Villager (Male) |
| 18:52 | Crear | Villager (Male) |
| 18:59 | Construir | Farm |
| 18:59 | Construir | Farm |
| 19:03 | Construir | Farm |
| 19:06 | Construir | Farm |
| 19:09 | Crear | Villager (Male) |
| 19:10 | Crear | Villager (Male) |
| 19:14 | Construir | Farm |
| 19:17 | Construir | House |
| 19:17 | Construir | House |
| 19:20 | Crear | Villager (Male) |
| 19:30 | Construir | Farm |
| 19:33 | Crear | Villager (Male) |
| 19:34 | Crear | Villager (Male) |
| 19:34 | Crear | Villager (Male) |
| 19:43 | Construir | Barracks |
| 19:48 | Construir | Farm |
| 19:50 | Construir | Farm |
| 19:54 | Crear | Villager (Male) |
| 19:55 | Crear | Villager (Male) |
| 19:56 | Crear | Villager (Male) |
| 20:07 | Crear | Villager (Male) |
| 20:07 | Crear | Villager (Male) |
| 20:08 | Crear | Villager (Male) |
| 20:17 | Construir | House |
| 20:18 | Construir | House |
| 20:22 | Crear | Villager (Male) |
| 20:23 | Crear | Villager (Male) |
| 20:24 | Crear | Villager (Male) |
| 20:33 | Investigar | Wheelbarrow |
| 20:37 | Construir | Stable |
| 20:40 | Construir | Stable |
| 20:42 | Crear | Villager (Male) |
| 20:43 | Crear | Villager (Male) |
| 20:44 | Crear | Villager (Male) |
| 20:53 | Investigar | Heavy Plow |
| 20:59 | Crear | Villager (Male) |
| 21:03 | Construir | House |
| 21:04 | Construir | House |
| 21:10 | Crear | Villager (Male) |
| 21:11 | Crear | Villager (Male) |
| 21:20 | Construir | Stable |
| 21:35 | Construir | Mining Camp |
| 21:36 | Crear | Villager (Male) |
| 21:37 | Crear | Villager (Male) |
| 21:38 | Crear | Villager (Male) |
| 21:44 | Construir | Farm |
| 21:45 | Construir | Farm |
| 21:59 | Investigar | Hand Cart |
| 21:59 | Investigar | Hand Cart |
| 22:01 | Crear | Villager (Male) |
Build order — mama_adisona
138 acciones detectadas en el replay
| 0:01 | Crear | Villager (Male) ×4 |
| 0:01 | Crear | Villager (Male) ×4 |
| 0:03 | Construir | House |
| 0:05 | Construir | House |
| 1:39 | Crear | Villager (Male) |
| 2:05 | Crear | Villager (Male) |
| 2:27 | Crear | Villager (Male) |
| 2:27 | Crear | Villager (Male) |
| 3:00 | Crear | Villager (Male) |
| 3:01 | Crear | Villager (Male) |
| 3:01 | Crear | Villager (Male) |
| 3:39 | Construir | Mill |
| 3:47 | Construir | Lumber Camp |
| 3:52 | Crear | Villager (Male) |
| 3:52 | Crear | Villager (Male) |
| 4:46 | Crear | Villager (Male) |
| 4:46 | Crear | Villager (Male) |
| 4:47 | Crear | Villager (Male) |
| 5:48 | Construir | House |
| 5:54 | Crear | Villager (Male) |
| 5:54 | Crear | Villager (Male) |
| 6:41 | Crear | Villager (Male) |
| 6:41 | Crear | Villager (Male) |
| 7:31 | Crear | Villager (Male) |
| 7:35 | Crear | Villager (Male) |
| 7:35 | Crear | Villager (Male) |
| 7:58 | Crear | Villager (Male) |
| 8:12 | Construir | Mining Camp |
| 8:41 | Investigar | Feudal Age |
| 8:46 | Construir | House |
| 9:16 | Crear | Villager (Male) |
| 9:17 | Crear | Villager (Male) |
| 10:21 | Construir | Farm |
| 11:06 | Construir | Palisade Wall |
| 11:06 | Edad | Edad Feudal |
| 11:09 | Construir | Farm |
| 11:11 | Construir | Market |
| 11:13 | Construir | Blacksmith |
| 12:09 | Investigar | Castle Age |
| 12:10 | Investigar | Castle Age |
| 12:16 | Construir | Barracks |
| 12:33 | Investigar | Double-Bit Axe |
| 12:55 | Investigar | Horse Collar |
| 13:06 | Construir | House |
| 13:12 | Construir | House |
| 14:05 | Construir | Mining Camp |
| 14:21 | Construir | Farm |
| 14:25 | Construir | Farm |
| 14:28 | Investigar | Loom |
| 14:49 | Edad | Edad de los Castillos |
| 14:53 | Construir | Castle |
| 15:27 | Construir | House |
| 15:33 | Construir | Palisade Wall |
| 15:46 | Construir | Palisade Wall |
| 16:05 | Construir | Farm |
| 16:05 | Construir | Farm |
| 16:05 | Construir | Farm |
| 16:05 | Construir | Farm |
| 16:06 | Construir | Farm |
| 16:23 | Construir | Mining Camp |
| 16:28 | Crear | Petard |
| 16:46 | Investigar | Fletching |
| 17:29 | Construir | Stable |
| 18:26 | Crear | Knight |
| 18:51 | Investigar | Szlachta Privileges |
| 19:06 | Construir | Mill |
| 19:08 | Construir | Farm |
| 19:08 | Construir | Farm |
| 19:08 | Construir | Farm |
| 19:08 | Construir | Farm |
| 19:09 | Construir | Farm |
| 19:25 | Crear | Villager (Male) |
| 19:25 | Crear | Villager (Male) |
| 19:52 | Construir | Farm |
| 19:55 | Construir | Farm |
| 20:04 | Investigar | Wheelbarrow |
| 20:10 | Crear | Knight |
| 20:29 | Construir | Farm |
| 20:39 | Investigar | Scale Barding Armor |
| 20:56 | Crear | Knight |
| 21:14 | Investigar | Forging |
| 21:25 | Crear | Knight |
| 21:36 | Crear | Villager (Male) |
| 22:00 | Investigar | Chain Barding Armor |
| 22:28 | Construir | Monastery |
| 22:35 | Crear | Knight |
| 22:35 | Crear | Knight |
| 22:45 | Investigar | Light Cavalry (upgrade) |
| 22:50 | Investigar | Bloodlines |
| 23:34 | Investigar | Devotion |
| 23:41 | Investigar | Husbandry |
| 23:46 | Construir | Stable |
| 23:51 | Crear | Scout Cavalry |
| 24:03 | Crear | Scout Cavalry |
| 24:30 | Construir | Stable |
| 24:34 | Crear | Scout Cavalry |
| 24:38 | Investigar | Forging |
| 24:44 | Construir | Farm |
| 24:46 | Crear | Villager (Male) |
| 24:56 | Crear | Scout Cavalry |
| 25:14 | Crear | Scout Cavalry |
| 25:15 | Crear | Scout Cavalry |
| 25:32 | Crear | Scout Cavalry |
| 25:32 | Crear | Scout Cavalry |
| 25:53 | Crear | Villager (Male) |
| 25:54 | Crear | Villager (Male) |
| 25:57 | Crear | Scout Cavalry |
| 26:15 | Crear | Villager (Male) |
| 26:17 | Crear | Scout Cavalry |
| 26:41 | Crear | Scout Cavalry |
| 26:41 | Crear | Scout Cavalry |
| 26:50 | Investigar | Iron Casting |
| 27:36 | Crear | Villager (Male) |
| 27:37 | Crear | Scout Cavalry ×2 |
| 27:38 | Crear | Scout Cavalry ×2 |
| 28:29 | Crear | Villager (Male) |
| 28:29 | Crear | Villager (Male) |
| 28:32 | Crear | Scout Cavalry ×4 |
| 28:33 | Crear | Scout Cavalry ×4 |
| 28:51 | Crear | Scout Cavalry |
| 29:57 | Crear | Villager (Male) |
| 29:57 | Crear | Villager (Male) |
| 30:04 | Investigar | Town Watch |
| 30:11 | Investigar | Stone Mining |
| 30:13 | Investigar | Gold Mining |
| 30:19 | Crear | Scout Cavalry ×2 |
| 30:47 | Crear | Scout Cavalry ×2 |
| 30:47 | Crear | Scout Cavalry ×2 |
| 30:52 | Construir | Mining Camp |
| 30:55 | Crear | Villager (Male) |
| 31:22 | Crear | Scout Cavalry ×3 |
| 31:23 | Crear | Scout Cavalry ×3 |
| 31:57 | Crear | Scout Cavalry ×2 |
| 32:19 | Crear | Scout Cavalry ×2 |
| 32:19 | Crear | Scout Cavalry ×2 |
| 34:31 | Crear | Knight ×5 |
| 34:31 | Crear | Knight ×5 |
| 34:31 | Crear | Knight ×5 |
Build order — CTM | Crawly94
129 acciones detectadas en el replay
| 0:01 | Crear | Villager (Male) |
| 0:01 | Crear | Villager (Male) |
| 0:03 | Construir | House |
| 0:04 | Construir | House |
| 0:04 | Crear | Villager (Male) |
| 0:04 | Crear | Villager (Male) |
| 1:36 | Crear | Villager (Male) |
| 1:44 | Construir | Lumber Camp |
| 2:09 | Crear | Villager (Male) |
| 2:10 | Crear | Villager (Male) |
| 2:49 | Crear | Villager (Male) |
| 3:13 | Construir | House |
| 3:18 | Crear | Villager (Male) |
| 3:18 | Crear | Villager (Male) |
| 3:54 | Crear | Villager (Male) |
| 3:58 | Crear | Villager (Male) |
| 3:59 | Crear | Villager (Male) |
| 3:59 | Crear | Villager (Male) |
| 4:44 | Crear | Villager (Male) |
| 4:46 | Construir | Mill |
| 5:28 | Crear | Villager (Male) |
| 5:28 | Crear | Villager (Male) |
| 5:28 | Crear | Villager (Male) |
| 5:29 | Crear | Villager (Male) |
| 6:00 | Crear | Villager (Male) |
| 6:28 | Construir | House |
| 7:20 | Investigar | Feudal Age |
| 7:20 | Investigar | Feudal Age |
| 8:16 | Crear | Villager (Male) |
| 8:16 | Investigar | Loom |
| 9:30 | Edad | Edad Feudal |
| 9:34 | Construir | Market |
| 9:37 | Construir | Blacksmith |
| 10:28 | Investigar | Castle Age |
| 10:29 | Investigar | Castle Age |
| 10:39 | Construir | Mining Camp |
| 11:00 | Investigar | Double-Bit Axe |
| 11:01 | Investigar | Double-Bit Axe |
| 11:47 | Construir | House |
| 13:05 | Crear | Villager (Male) |
| 13:08 | Edad | Edad de los Castillos |
| 13:11 | Construir | Monastery |
| 13:16 | Construir | Monastery |
| 13:52 | Crear | Villager (Male) |
| 13:59 | Crear | Monk |
| 14:04 | Crear | Monk |
| 14:17 | Crear | Monk |
| 14:41 | Construir | Siege Workshop |
| 15:02 | Crear | Monk |
| 15:20 | Crear | Monk |
| 15:24 | Crear | Villager (Male) |
| 15:39 | Crear | Monk |
| 17:02 | Construir | Monastery |
| 17:28 | Crear | Monk |
| 17:35 | Construir | Siege Workshop |
| 18:04 | Crear | Monk |
| 18:14 | Crear | Villager (Male) |
| 18:21 | Crear | Villager (Male) |
| 18:50 | Construir | Farm |
| 19:02 | Crear | Mangonel |
| 19:06 | Crear | Mangonel |
| 19:16 | Construir | Mining Camp |
| 19:20 | Construir | Monastery |
| 20:05 | Crear | Villager (Male) |
| 20:07 | Construir | House |
| 20:08 | Construir | House |
| 20:08 | Construir | House |
| 20:20 | Construir | Farm |
| 20:29 | Investigar | Redemption |
| 20:35 | Construir | House |
| 20:38 | Construir | House |
| 21:12 | Crear | Monk |
| 21:12 | Crear | Monk |
| 21:21 | Investigar | Sanctity |
| 21:24 | Crear | Monk |
| 21:44 | Construir | House |
| 21:46 | Construir | House |
| 21:47 | Construir | House |
| 21:49 | Construir | House |
| 22:17 | Crear | Villager (Male) |
| 22:20 | Crear | Monk |
| 22:59 | Construir | Farm |
| 23:05 | Crear | Monk |
| 23:30 | Construir | Farm |
| 23:30 | Construir | Farm |
| 23:31 | Construir | Farm |
| 23:31 | Construir | Farm |
| 23:31 | Construir | Farm |
| 23:38 | Crear | Monk |
| 24:38 | Crear | Villager (Male) |
| 24:38 | Crear | Villager (Male) |
| 24:38 | Crear | Villager (Male) |
| 24:48 | Construir | Farm |
| 25:13 | Construir | Town Center |
| 25:14 | Crear | Villager (Male) |
| 25:37 | Investigar | Gold Mining |
| 26:55 | Crear | Villager (Male) |
| 26:55 | Crear | Villager (Male) |
| 27:00 | Crear | Villager (Male) |
| 27:00 | Crear | Villager (Male) |
| 27:03 | Construir | Farm |
| 27:03 | Construir | Farm |
| 27:04 | Construir | Farm |
| 27:04 | Construir | Farm |
| 27:04 | Construir | Farm |
| 27:04 | Construir | Farm |
| 27:04 | Construir | Farm |
| 28:29 | Crear | Villager (Male) |
| 28:30 | Crear | Villager (Male) |
| 28:52 | Crear | Villager (Male) |
| 28:53 | Crear | Villager (Male) |
| 29:09 | Construir | Castle |
| 29:26 | Crear | Villager (Male) |
| 29:26 | Crear | Villager (Male) |
| 29:30 | Crear | Villager (Male) |
| 30:20 | Crear | Villager (Male) |
| 30:20 | Crear | Villager (Male) |
| 30:31 | Crear | Monk |
| 30:31 | Crear | Monk |
| 30:33 | Crear | Monk |
| 30:50 | Crear | Villager (Male) |
| 31:09 | Crear | Villager (Male) |
| 31:09 | Crear | Villager (Male) |
| 31:09 | Crear | Villager (Male) |
| 31:37 | Crear | Villager (Male) |
| 32:09 | Construir | House |
| 32:15 | Construir | House |
| 34:21 | Crear | Villager (Male) |
| 34:21 | Crear | Villager (Male) |
Build order — patrikoffv
Primeras 150 de 169 acciones detectadas
| 0:02 | Crear | Villager (Male) |
| 0:02 | Crear | Villager (Male) |
| 0:02 | Crear | Villager (Male) |
| 0:03 | Crear | Villager (Male) |
| 0:03 | Crear | Villager (Male) |
| 0:04 | Construir | House |
| 0:07 | Construir | House |
| 1:12 | Crear | Villager (Male) |
| 1:34 | Crear | Villager (Male) |
| 1:55 | Construir | Settlement |
| 2:03 | Crear | Villager (Male) |
| 2:03 | Crear | Villager (Male) |
| 2:17 | Crear | Villager (Male) |
| 3:04 | Crear | Villager (Male) |
| 3:53 | Crear | Villager (Male) |
| 3:55 | Crear | Villager (Male) |
| 3:55 | Crear | Villager (Male) |
| 4:25 | Crear | Villager (Male) |
| 4:26 | Crear | Villager (Male) |
| 5:37 | Crear | Villager (Male) |
| 5:38 | Crear | Villager (Male) |
| 5:38 | Crear | Villager (Male) |
| 5:48 | Crear | Villager (Male) |
| 6:12 | Construir | House |
| 6:15 | Construir | House |
| 6:48 | Construir | Settlement |
| 7:21 | Crear | Villager (Male) |
| 7:49 | Investigar | Feudal Age |
| 7:50 | Investigar | Feudal Age |
| 9:45 | Crear | Villager (Male) |
| 9:45 | Crear | Villager (Male) |
| 9:59 | Edad | Edad Feudal |
| 10:01 | Construir | Market |
| 10:05 | Construir | Blacksmith |
| 10:22 | Construir | Settlement |
| 10:53 | Crear | Villager (Male) |
| 11:21 | Crear | Villager (Male) |
| 11:43 | Crear | Villager (Male) |
| 12:16 | Investigar | Castle Age |
| 12:17 | Investigar | Castle Age |
| 13:38 | Investigar | Horse Collar |
| 13:41 | Investigar | Double-Bit Axe |
| 13:41 | Investigar | Double-Bit Axe |
| 13:49 | Construir | Farm |
| 13:56 | Construir | Farm |
| 14:17 | Investigar | Loom |
| 14:34 | Construir | Farm |
| 14:56 | Edad | Edad de los Castillos |
| 15:04 | Construir | Castle |
| 15:20 | Crear | Villager (Male) |
| 15:41 | Crear | Villager (Male) |
| 15:47 | Investigar | Horse Collar |
| 15:47 | Investigar | Horse Collar |
| 15:53 | Crear | Villager (Male) |
| 16:19 | Crear | Unit 2579 |
| 16:19 | Crear | Unit 2579 |
| 16:19 | Crear | Unit 2579 |
| 16:26 | Crear | Villager (Male) |
| 16:38 | Construir | Farm |
| 16:58 | Crear | Unit 2579 |
| 17:03 | Crear | Villager (Male) |
| 17:05 | Construir | Farm |
| 17:09 | Crear | Unit 2579 |
| 17:17 | Crear | Villager (Male) |
| 17:30 | Construir | Farm |
| 17:37 | Crear | Villager (Male) |
| 17:49 | Crear | Unit 2579 |
| 17:50 | Crear | Unit 2579 |
| 18:12 | Crear | Unit 2579 |
| 18:40 | Crear | Unit 2579 |
| 18:43 | Crear | Villager (Male) |
| 18:43 | Crear | Villager (Male) |
| 18:47 | Investigar | Fletching |
| 18:47 | Investigar | Fletching |
| 19:23 | Crear | Villager (Male) |
| 19:29 | Construir | Farm |
| 19:31 | Construir | Farm |
| 19:32 | Construir | Farm |
| 19:33 | Construir | Farm |
| 19:41 | Crear | Villager (Male) |
| 19:42 | Crear | Unit 2579 |
| 19:42 | Crear | Unit 2579 |
| 20:00 | Construir | Farm |
| 20:15 | Crear | Villager (Male) |
| 20:25 | Construir | Farm |
| 20:34 | Crear | Villager (Male) |
| 20:57 | Crear | Villager (Male) |
| 21:04 | Investigar | Gold Mining |
| 21:07 | Crear | Villager (Male) |
| 21:21 | Crear | Unit 2579 |
| 21:22 | Crear | Unit 2579 |
| 21:53 | Investigar | Wheelbarrow |
| 22:02 | Crear | Unit 2579 |
| 22:04 | Crear | Unit 2579 |
| 22:57 | Crear | Unit 2579 |
| 22:59 | Crear | Unit 2579 |
| 23:10 | Crear | Villager (Male) |
| 23:11 | Crear | Villager (Male) |
| 23:40 | Crear | Unit 2579 |
| 23:51 | Crear | Villager (Male) |
| 24:29 | Crear | Villager (Male) |
| 25:13 | Investigar | Imperial Age |
| 25:13 | Investigar | Imperial Age |
| 25:17 | Crear | Unit 2579 |
| 25:17 | Crear | Unit 2579 |
| 25:30 | Construir | Farm |
| 25:35 | Construir | Farm |
| 25:54 | Investigar | Bodkin Arrow |
| 25:54 | Investigar | Bodkin Arrow |
| 26:09 | Crear | Unit 2579 |
| 26:10 | Crear | Unit 2579 |
| 26:34 | Construir | University |
| 26:38 | Crear | Unit 2579 |
| 26:47 | Construir | House |
| 26:53 | Construir | House |
| 26:54 | Construir | House |
| 27:01 | Construir | House |
| 27:04 | Crear | Villager (Male) |
| 27:05 | Crear | Villager (Male) |
| 27:49 | Investigar | Ballistics |
| 28:23 | Edad | Edad Imperial |
| 28:38 | Construir | House |
| 28:42 | Construir | House |
| 28:43 | Construir | House |
| 28:49 | Investigar | Tech 1389 |
| 28:49 | Investigar | Tech 1389 |
| 29:15 | Crear | Villager (Male) |
| 29:16 | Crear | Villager (Male) |
| 29:29 | Investigar | Bracer |
| 29:29 | Investigar | Bracer |
| 29:57 | Crear | Trebuchet (Packed) |
| 30:09 | Crear | Villager (Male) |
| 30:09 | Crear | Villager (Male) |
| 30:35 | Construir | House |
| 30:36 | Construir | House |
| 30:53 | Crear | Unit 2579 |
| 30:53 | Crear | Unit 2579 |
| 30:58 | Crear | Trebuchet (Packed) |
| 30:58 | Crear | Trebuchet (Packed) |
| 31:14 | Crear | Villager (Male) |
| 31:14 | Crear | Villager (Male) |
| 31:23 | Crear | Unit 2579 |
| 31:43 | Crear | Unit 2579 |
| 32:33 | Crear | Unit 2579 |
| 32:33 | Crear | Unit 2579 |
| 32:34 | Crear | Unit 2579 |
| 32:34 | Crear | Unit 2579 |
| 32:35 | Crear | Unit 2579 |
| 32:36 | Crear | Villager (Male) |
| 32:36 | Crear | Villager (Male) |
Build order — Ux'Tycho0201
Primeras 150 de 417 acciones detectadas
| 0:01 | Crear | Villager (Male) |
| 0:01 | Crear | Villager (Male) |
| 0:02 | Crear | Villager (Male) |
| 0:02 | Crear | Villager (Male) |
| 0:02 | Crear | Villager (Male) |
| 0:04 | Construir | House |
| 0:06 | Construir | House |
| 1:25 | Crear | Villager (Male) |
| 1:25 | Crear | Villager (Male) |
| 1:48 | Construir | Lumber Camp |
| 1:53 | Crear | Villager (Male) |
| 1:53 | Crear | Villager (Male) |
| 2:12 | Crear | Villager (Male) |
| 2:12 | Crear | Villager (Male) |
| 2:37 | Crear | Villager (Male) |
| 3:00 | Construir | House |
| 3:05 | Crear | Villager (Male) |
| 3:05 | Crear | Villager (Male) |
| 3:26 | Crear | Villager (Male) |
| 3:26 | Crear | Villager (Male) |
| 3:57 | Crear | Villager (Male) |
| 3:58 | Crear | Villager (Male) |
| 4:15 | Construir | Mill |
| 4:19 | Crear | Villager (Male) |
| 4:39 | Crear | Villager (Male) |
| 4:40 | Crear | Villager (Male) |
| 5:05 | Crear | Villager (Male) |
| 5:25 | Crear | Villager (Male) |
| 5:45 | Crear | Villager (Male) |
| 5:58 | Crear | Villager (Male) |
| 6:02 | Construir | House |
| 6:25 | Construir | Mining Camp |
| 6:45 | Crear | Villager (Male) |
| 7:07 | Crear | Villager (Male) |
| 7:31 | Crear | Villager (Male) |
| 7:35 | Construir | Mining Camp |
| 7:54 | Construir | Farm |
| 8:01 | Crear | Villager (Male) |
| 8:04 | Investigar | Feudal Age |
| 8:10 | Construir | Farm |
| 8:54 | Construir | House |
| 9:39 | Crear | Villager (Male) |
| 9:39 | Crear | Villager (Male) |
| 9:40 | Investigar | Loom |
| 10:57 | Edad | Edad Feudal |
| 11:00 | Construir | Market |
| 11:04 | Construir | Blacksmith |
| 11:55 | Investigar | Castle Age |
| 11:55 | Investigar | Castle Age |
| 12:23 | Investigar | Double-Bit Axe |
| 12:23 | Investigar | Double-Bit Axe |
| 12:25 | Investigar | Horse Collar |
| 13:07 | Crear | Villager (Male) |
| 13:07 | Crear | Villager (Male) |
| 13:38 | Crear | Villager (Male) |
| 14:35 | Edad | Edad de los Castillos |
| 14:38 | Construir | Town Center |
| 14:52 | Construir | Town Center |
| 15:04 | Construir | Farm |
| 15:05 | Construir | Farm |
| 15:07 | Construir | Farm |
| 15:24 | Crear | Villager (Male) |
| 15:31 | Construir | House |
| 15:32 | Construir | House |
| 15:51 | Construir | Castle |
| 15:53 | Crear | Villager (Male) |
| 15:53 | Crear | Villager (Male) |
| 15:53 | Crear | Villager (Male) |
| 15:53 | Crear | Villager (Male) |
| 16:06 | Construir | Farm |
| 16:10 | Crear | Villager (Male) |
| 16:10 | Crear | Villager (Male) |
| 16:15 | Construir | House |
| 16:16 | Construir | House |
| 16:24 | Crear | Villager (Male) |
| 16:25 | Crear | Villager (Male) |
| 16:28 | Construir | Farm |
| 16:45 | Construir | House |
| 16:50 | Construir | Farm |
| 17:07 | Construir | House |
| 17:09 | Crear | Villager (Male) |
| 17:09 | Crear | Villager (Male) |
| 17:19 | Crear | Villager (Male) |
| 17:19 | Crear | Villager (Male) |
| 17:24 | Construir | Farm |
| 17:24 | Construir | Farm |
| 17:24 | Construir | Farm |
| 17:25 | Construir | Farm |
| 17:25 | Construir | Farm |
| 17:25 | Construir | Farm |
| 17:25 | Construir | Farm |
| 17:40 | Construir | Castle |
| 17:51 | Construir | Castle |
| 17:53 | Crear | Villager (Male) |
| 17:53 | Crear | Villager (Male) |
| 17:54 | Crear | Villager (Male) |
| 17:57 | Construir | Farm |
| 18:04 | Crear | Villager (Male) |
| 18:04 | Crear | Villager (Male) |
| 18:04 | Crear | Villager (Male) |
| 18:07 | Construir | Farm |
| 18:16 | Construir | Farm |
| 18:16 | Construir | Farm |
| 18:17 | Crear | Villager (Male) |
| 18:18 | Crear | Villager (Male) |
| 18:18 | Crear | Villager (Male) |
| 18:32 | Construir | Palisade Wall |
| 18:32 | Construir | Palisade Wall |
| 18:36 | Construir | Palisade Wall |
| 18:37 | Construir | Palisade Wall |
| 18:38 | Construir | Palisade Wall |
| 18:44 | Crear | Villager (Male) |
| 18:44 | Crear | Villager (Male) |
| 18:44 | Crear | Villager (Male) |
| 18:44 | Crear | Villager (Male) |
| 18:51 | Construir | Farm |
| 18:55 | Construir | Farm |
| 18:56 | Crear | Villager (Male) |
| 18:56 | Crear | Villager (Male) |
| 19:04 | Crear | Villager (Male) |
| 19:04 | Crear | Villager (Male) |
| 19:09 | Construir | Farm |
| 19:10 | Construir | Farm |
| 19:11 | Construir | Farm |
| 19:14 | Crear | Villager (Male) |
| 19:14 | Crear | Villager (Male) |
| 19:14 | Crear | Villager (Male) |
| 19:14 | Crear | Villager (Male) |
| 19:14 | Crear | Villager (Male) |
| 19:19 | Construir | Farm |
| 19:33 | Crear | Villager (Male) |
| 19:34 | Crear | Villager (Male) |
| 19:34 | Crear | Villager (Male) |
| 19:58 | Crear | Villager (Male) |
| 19:58 | Crear | Villager (Male) |
| 19:58 | Crear | Villager (Male) |
| 20:02 | Construir | Farm |
| 20:02 | Construir | Farm |
| 20:02 | Construir | Farm |
| 20:03 | Construir | Farm |
| 20:03 | Construir | Farm |
| 20:03 | Construir | Farm |
| 20:03 | Construir | Farm |
| 20:20 | Crear | Villager (Male) |
| 20:21 | Crear | Villager (Male) |
| 20:21 | Crear | Villager (Male) |
| 20:21 | Crear | Villager (Male) |
| 20:29 | Construir | Farm |
| 20:31 | Construir | Farm |
| 20:35 | Crear | Villager (Male) |
Cronología de la partida
| 9:28 | elchinaleikazo · first_building Barracks |
| 9:30 | CTM | Crawly94 · age_up feudal |
| 9:49 | Menchachi the Impatient · age_up feudal |
| 9:59 | patrikoffv · age_up feudal |
| 10:25 | CTM | Crawly94 · first_market_sell 100 stone |
| 10:56 | Ux'DonChauron · age_up feudal |
| 10:57 | Ux'Tycho0201 · age_up feudal |
| 10:57 | patrikoffv · first_market_sell 500 stone |
| 11:00 | patrikoffv · first_market_buy 500 food |
| 11:06 | mama_adisona · wall_segment Palisade Wall x1 |
| 11:06 | mama_adisona · age_up feudal |
| 12:02 | elchinaleikazo · age_up feudal |
| 12:16 | mama_adisona · first_building Barracks |
| 13:08 | CTM | Crawly94 · age_up castle |
| 13:11 | CTM | Crawly94 · first_building Monastery |
| 13:38 | Menchachi the Impatient · age_up castle |
| 14:35 | Ux'Tycho0201 · age_up castle |
| 14:41 | CTM | Crawly94 · first_building Siege Workshop |
| 14:46 | Ux'DonChauron · age_up castle |
| 14:49 | mama_adisona · age_up castle |
| 14:50 | Ux'DonChauron · first_building Castle |
| 14:53 | mama_adisona · first_building Castle |
| 14:55 | Ux'DonChauron · first_building Siege Workshop |
| 14:56 | patrikoffv · age_up castle |
| 15:00 | Menchachi the Impatient · first_market_buy 100 food |
| 15:04 | patrikoffv · first_building Castle |
| 15:32 | elchinaleikazo · age_up castle |
| 15:33 | mama_adisona · wall_segment Palisade Wall x1 |
| 15:40 | Ux'Tycho0201 · first_market_buy 100 stone |
| 15:46 | mama_adisona · wall_segment Palisade Wall x1 |
| 15:51 | Ux'Tycho0201 · first_building Castle |
| 16:26 | elchinaleikazo · first_building Castle |
| 16:45 | mama_adisona · first_market_sell 100 wood |
| 16:54 | Quimimoshly06 · first_building Castle |
| 17:29 | mama_adisona · first_building Stable |
| 18:32 | Ux'Tycho0201 · wall_segment Palisade Wall x1 |
| 18:32 | Ux'Tycho0201 · wall_segment Palisade Wall x1 |
| 18:36 | Ux'Tycho0201 · wall_segment Palisade Wall x1 |
| 18:37 | Ux'Tycho0201 · wall_segment Palisade Wall x1 |
| 18:38 | Ux'Tycho0201 · wall_segment Palisade Wall x1 |
| 18:44 | elchinaleikazo · first_market_buy 100 food |
| 18:46 | elchinaleikazo · first_market_sell 500 stone |
| 19:43 | Menchachi the Impatient · first_building Barracks |
| 20:24 | Ux'DonChauron · first_market_buy 100 wood |
| 20:37 | Menchachi the Impatient · first_building Stable |
| 22:08 | Quimimoshly06 · wall_segment Stone Wall x11 |
| 22:28 | mama_adisona · first_building Monastery |
| 22:29 | Ux'Tycho0201 · first_building Siege Workshop |
| 24:12 | Quimimoshly06 · first_market_buy 100 food |
| 25:03 | Menchachi the Impatient · first_building Monastery |
| 25:05 | Menchachi the Impatient · first_building Siege Workshop |
| 25:05 | CTM | Crawly94 · first_market_buy 100 stone |
| 25:28 | elchinaleikazo · age_up imperial |
| 26:01 | Ux'Tycho0201 · first_market_sell 100 wood |
| 26:22 | Ux'Tycho0201 · tribute_sent a jugador 1 |
| 26:22 | Ux'Tycho0201 · tribute_sent a jugador 2 |
| 26:22 | Ux'Tycho0201 · tribute_sent a jugador 3 |
| 26:22 | Ux'Tycho0201 · tribute_sent a jugador 4 |
| 26:22 | Ux'Tycho0201 · tribute_sent a jugador 5 |
| 26:22 | Ux'Tycho0201 · tribute_sent a jugador 6 |
| 26:22 | Ux'Tycho0201 · tribute_sent a jugador 7 |
| 26:48 | mama_adisona · first_market_buy 100 food |
| 26:50 | Ux'DonChauron · first_building Monastery |
| 26:58 | Ux'Tycho0201 · tribute_sent a jugador 1 |
| 26:58 | Ux'Tycho0201 · tribute_sent a jugador 2 |
| 26:58 | Ux'Tycho0201 · tribute_sent a jugador 3 |
| 26:58 | Ux'Tycho0201 · tribute_sent a jugador 4 |
| 26:58 | Ux'Tycho0201 · tribute_sent a jugador 5 |
| 26:58 | Ux'Tycho0201 · tribute_sent a jugador 6 |
| 26:58 | Ux'Tycho0201 · tribute_sent a jugador 7 |
| 27:16 | Ux'Tycho0201 · first_building Barracks |
| 27:28 | Ux'DonChauron · first_building Barracks |
| 28:00 | Quimimoshly06 · first_market_sell 100 food |
| 28:23 | patrikoffv · age_up imperial |
| 28:26 | Ux'DonChauron · first_building Stable |
| 28:32 | Menchachi the Impatient · age_up imperial |
| 28:39 | Menchachi the Impatient · first_market_sell 100 food |
| 28:42 | Ux'Tycho0201 · tribute_sent a jugador 1 |
| 28:42 | Ux'Tycho0201 · tribute_sent a jugador 2 |
| 28:42 | Ux'Tycho0201 · tribute_sent a jugador 3 |
| 28:42 | Ux'Tycho0201 · tribute_sent a jugador 4 |
| 28:42 | Ux'Tycho0201 · tribute_sent a jugador 5 |
| 28:42 | Ux'Tycho0201 · tribute_sent a jugador 6 |
| 28:42 | Ux'Tycho0201 · tribute_sent a jugador 7 |
| 28:58 | Ux'Tycho0201 · tribute_sent a jugador 1 |
| 28:58 | Ux'Tycho0201 · tribute_sent a jugador 2 |
| 28:58 | Ux'Tycho0201 · tribute_sent a jugador 3 |
| 28:58 | Ux'Tycho0201 · tribute_sent a jugador 4 |
| 28:58 | Ux'Tycho0201 · tribute_sent a jugador 5 |
| 28:58 | Ux'Tycho0201 · tribute_sent a jugador 6 |
| 28:58 | Ux'Tycho0201 · tribute_sent a jugador 7 |
| 29:09 | CTM | Crawly94 · first_building Castle |
| 30:09 | Ux'Tycho0201 · tribute_sent a jugador 1 |
| 30:09 | Ux'Tycho0201 · tribute_sent a jugador 2 |
| 30:09 | Ux'Tycho0201 · tribute_sent a jugador 3 |
| 30:09 | Ux'Tycho0201 · tribute_sent a jugador 4 |
| 30:09 | Ux'Tycho0201 · tribute_sent a jugador 5 |
| 30:09 | Ux'Tycho0201 · tribute_sent a jugador 6 |
| 30:09 | Ux'Tycho0201 · tribute_sent a jugador 7 |
| 30:11 | Ux'Tycho0201 · age_up imperial |
| 30:30 | Ux'Tycho0201 · tribute_sent a jugador 1 |
| 30:30 | Ux'Tycho0201 · tribute_sent a jugador 2 |
| 30:30 | Ux'Tycho0201 · tribute_sent a jugador 3 |
| 30:30 | Ux'Tycho0201 · tribute_sent a jugador 4 |
| 30:30 | Ux'Tycho0201 · tribute_sent a jugador 5 |
| 30:30 | Ux'Tycho0201 · tribute_sent a jugador 6 |
| 30:30 | Ux'Tycho0201 · tribute_sent a jugador 7 |
| 31:08 | Ux'DonChauron · age_up imperial |
| 32:00 | Quimimoshly06 · first_building Siege Workshop |
| 32:09 | Ux'DonChauron · wall_segment Stone Wall x1 |
| 32:53 | Quimimoshly06 · first_building Barracks |
| 33:25 | elchinaleikazo · first_building Archery Range |
| 33:31 | Ux'DonChauron · wall_segment Stone Wall x5 |
| 35:11 | Ux'DonChauron · resign |
[ ANÁLISIS IA · 1 CRÉDITO ]
¿Qué pasó realmente en esta partida?
Wolo.gg analiza cada decisión: build order, eco, micro, errores típicos por bracket. Análisis personalizado por WhatsApp o Discord en 30 segundos.
Guía civ
Malíes
Perfil
Ux'DonChauron